 Dungeon Crawl Stone Soup version 0.31-a0-222-gefeffbb62a (webtiles) character file.

Game seed: 1021597217621629256

3115 qw the Cleaver (level 9, -69/57 HPs)
             Began as a Gargoyle Fighter on July 4, 2023.
             Was a Follower of Okawaru.
             Annihilated by a titanic slime creature (83 damage)
             ... on level 7 of the Dungeon.
             The game lasted 00:03:11 (6373 turns).

qw the Cleaver (Gargoyle Fighter)                   Turns: 6373, Time: 00:03:12

Health: -69/57     AC: 29    Str: 25    XL:     9   Next: 91%
Magic:  11/12      EV:  9    Int: 10    God:    Okawaru [*.....]
Gold:   267        SH:  6    Dex: 11    Spells: 8/8 levels left

rFire   . . .        Y - +1 war axe
rCold   . . .        c - +0 buckler
rNeg    + . .        i - +0 plate armour
rPois   inf          a - +5 helmet of Resilience {Int+2 Dex+2}
rElec   +            (no cloak)
rCorr   .            (no gloves)
SInv    .            o - +0 pair of boots
Will    .....        (no amulet) Stlth
                     (no ring)
HPRegen 0.29/turn    (no ring)
MPRegen 0.13/turn

%: no passive effects
@: heroic
A: sickness immunity, AC +6, negative energy resistance 1, electricity
resistance, torment resistance 1, petrification resistance
a: Renounce Religion, Heroism


You were on level 7 of the Dungeon.
You worshipped Okawaru.
Okawaru was aware of your devotion.
You visited 1 branch of the dungeon, and saw 7 of its levels.

You collected 267 gold pieces.


Innate Abilities, Weirdness & Mutations

You are immune to sickness and miasma.
Your stone body is resilient. (AC +6)
You are immune to poison.
You resist negative energy. (rN+)
You are resistant to electric shocks. (rElec)
You are resistant to unholy torment.
You are immune to petrification.


   Skills:
 - Level 7.1(12.1) Fighting
 - Level 9.0(14.0) Axes
 - Level 1.3(6.3) Throwing
 + Level 5.8(10.8) Armour
 - Level 2.0(7.0) Dodging
 - Level 4.1(9.1) Shields
 - Level 4.7 Invocations


You had 8 spell levels left.
You didn't know any spells.
Your spell library was empty.

Inventory:

Hand Weapons
 b - a +2 morningstar
 Y - a +1 war axe (weapon)
Missiles
 j - 3 boomerangs (quivered)
Armour
 a - the +5 helmet of Resilience (worn) {Int+2 Dex+2}
   (You acquired it on level 3 of the Dungeon)

   Int:       It affects your intelligence (+2).
   Dex:       It affects your dexterity (+2).
 c - a +0 buckler (worn)
 i - a +0 plate armour (worn)
 o - a +0 pair of boots (worn)
Scrolls
 g - a scroll of identify
Potions
 d - 3 potions of might
 e - a potion of resistance
 f - a potion of heal wounds {unknown}
 h - a potion of lignification
 k - a potion of degeneration {unknown}
 m - a potion of attraction {unknown}
 n - a potion of enlightenment {unknown}

Dungeon Overview and Level Annotations

Branches:
Dungeon (7/15)
 Temple: D:4-7

Altars:
Fedhas
Gozag
Kikubaaqudgha
Nemelex Xobeh
Okawaru
Qazlal
Uskayaw
Wu Jian
Zin
The Shining One

Shops:
D:3 (   D:6 [


Message History

The very large slime creature is moderately wounded.
You hit the slime creature. You block the slime creature's attack.
You slash the very large slime creature!
The very large slime creature is heavily wounded.
You hit the slime creature.
The very large slime creature hits you but does no damage.
You barely miss the very large slime creature.
The very large slime creature is heavily wounded.
You hit the slime creature.
The slime creature hits you but does no damage.
You block the very large slime creature's attack.
You slash the very large slime creature!
The very large slime creature is heavily wounded.
You hit the slime creature. The slime creature hits you!
Two slime creatures merge to form a titanic slime creature.
You slash the slime creature!
The slime creature is heavily wounded.
You slash the titanic slime creature!
The slime creature hits you but does no damage.
You slash the slime creature!
The slime creature is severely wounded.
You slash the titanic slime creature! The slime creature hits you!
You hit the slime creature.
The slime creature is almost dead.
You barely miss the titanic slime creature.
The titanic slime creature barely misses you.
You hit the slime creature.
The slime creature is almost dead.
You hit the titanic slime creature.
The slime creature hits you but does no damage.
The titanic slime creature hits you but does no damage.
You hit the slime creature.
The slime creature is almost dead.
You slash the titanic slime creature! The slime creature hits you.
The titanic slime creature hits you!!!!
Ouch! That really hurt!
You die...

...# #.# .... ... ..#
#... ..##..# #...
.....###. #...
#........ ####...
##<....... .......
#.........
.###...#######.).####.#
.......J@)....)#.#
.......J#######......#
.......<# .#...##
....[.... ...#.#
.######.. .###.# ....
.# # .... .. ....J ..


You could see a titanic slime creature and a slime creature.

Vanquished Creatures
  2 rust devils (D:5)
  A water moccasin (D:6)
  A sky beast (D:3)
  2 ice beasts
  2 orc warriors (D:5)
  An ogre (D:4)
  2 phantoms
  2 bullfrogs
  2 scorpions
  11 wights
  A howler monkey (D:6)
  6 hounds
  5 orc priests
  A jelly (D:5)
  2 sleepcaps (D:6)
  Ijyb (D:4)
  5 orc wizards
  6 adders
  7 gnolls
  2 white imps
  2 worms
  2 dart slugs
  20 orcs
  5 endoplasms (D:2)
  5 giant cockroaches
  5 goblins
  8 hobgoblins
  9 jackals
  3 kobolds
  2 quokkas
  8 ball pythons
  A bat (D:1)
  3 frilled lizards
  5 rats
  A rat zombie (D:6)
141 creatures vanquished.

Notes
Turn   | Place    | Note
-------+----------+-------------------------------------------
     0 | D:1      | qw the Gargoyle Fighter began the quest for the Orb.
     0 | D:1      | Reached XP level 1. HP: 14/14 MP: 1/1
     0 | D:1      | 0 ||| qw: Version: 0.3-a-46-gb1f654a
     0 | D:1      | 0 ||| qw: Game counter: 862
     0 | D:1      | 0 ||| qw: Melee chars always use a shield: true
     0 | D:1      | 0 ||| qw: God list: Okawaru
     0 | D:1      | 0 ||| qw: Allow faded altars: false
     0 | D:1      | 0 ||| qw: Do Orc after clearing Dungeon:15 true
     0 | D:1      | 0 ||| qw: Do second Lair branch before Depths: true
     0 | D:1      | 0 ||| qw: Lair rune preference: random
     0 | D:1      | 0 ||| qw: Goals: Normal, Zot:1-4, Slime:5, God:TSO, Crypt,
                  | Tomb, Abyss, Pan, Hells, Win
     0 | D:1      | 0 ||| PLANNING D:1-11
   110 | D:1      | Reached skill level 2 in Axes
   174 | D:1      | 174 ||| Stepping ~*~*~tactically~*~*~ (stealth).
   176 | D:1      | 176 ||| Stepping ~*~*~tactically~*~*~ (stealth).
   185 | D:1      | Reached XP level 2. HP: 16/19 MP: 2/2
   222 | D:1      | 222 ||| Stepping ~*~*~tactically~*~*~ (stealth).
   224 | D:1      | 224 ||| Stepping ~*~*~tactically~*~*~ (stealth).
   344 | D:1      | 344 ||| Stepping ~*~*~tactically~*~*~ (hiding).
   352 | D:1      | Reached skill level 3 in Axes
   563 | D:1      | Reached XP level 3. HP: 23/23 MP: 3/3
  1098 | D:1      | 1098 ||| READING scroll labelled WEENKUICAU.
  1113 | D:1      | 1113 ||| READING 2 scrolls labelled PACIDE BYREAL.
  1114 | D:1      | 1114 ||| READING scroll labelled REFE XYJOWN.
  1115 | D:1      | 1115 ||| READING 2 scrolls labelled KOAN ZAZEIGH.
  1119 | D:1      | 1119 ||| READING scroll labelled POIFAJ XYNLARCH.
  1199 | D:2      | 1199 ||| Stepping ~*~*~tactically~*~*~ (stealth).
  1203 | D:2      | 1203 ||| Stepping ~*~*~tactically~*~*~ (stealth).
  1241 | D:2      | 1241 ||| Stepping ~*~*~tactically~*~*~ (hiding).
  1463 | D:2      | Reached XP level 4. HP: 28/28 MP: 4/4
  1509 | D:2      | Reached skill level 4 in Axes
  2017 | D:2      | 2017 ||| READING scroll labelled RIMIKHLU MODE.
  2018 | D:2      | 2018 ||| READING scroll labelled NIVOWE GITT.
  2019 | D:2      | 2019 ||| READING 3 scrolls of identify.
  2019 | D:2      | 2019 ||| IDENTIFYING ruby potion
  2035 | D:3      | Found Vamm's Weapon Shoppe.
  2037 | D:3      | 2037 ||| Stepping ~*~*~tactically~*~*~ (stealth).
  2039 | D:3      | Noticed a sky beast
  2060 | D:3      | Killed a sky beast
  2061 | D:3      | Reached skill level 5 in Axes
  2061 | D:3      | Reached XP level 5. HP: 25/32 MP: 5/5
  2252 | D:3      | Found an opulent altar of Gozag.
  2336 | D:3      | HP: 8/32 [orc priest/nerve-wracking pain (6)]
  2341 | D:3      | HP: 5/33 [orc priest/nerve-wracking pain (4)]
  2342 | D:3      | 2342 ||| READING scroll of teleportation.
  2478 | D:3      | Reached XP level 6. HP: 38/38 MP: 6/6
  2558 | D:3      | Found a sparkling altar of Nemelex Xobeh.
  2558 | D:3      | Found a hide-covered altar of Uskayaw.
  2648 | D:3      | 2648 ||| READING scroll labelled ZEIRIZXUGU.
  2649 | D:3      | 2649 ||| READING scroll labelled XONLAHE HUCUUHUI.
  2649 | D:3      | Identified a scroll of acquirement
  2649 | D:3      | 2649 ||| ACQUIRING +5 helmet of Resilience {Int+2 Dex+2}
  2649 | D:3      | Acquired the +5 helmet of Resilience {Int+2 Dex+2}
  2651 | D:3      | 2651 ||| UPGRADING to +5 helmet of Resilience {Int+2
                  | Dex+2}.
  2656 | D:3      | 2656 ||| READING 2 scrolls of identify.
  2656 | D:3      | 2656 ||| IDENTIFYING bubbling white potion
  2907 | D:4      | Reached XP level 7. HP: 41/43 MP: 7/7
  2927 | D:4      | 2927 ||| Stepping ~*~*~tactically~*~*~ (stealth).
  2929 | D:4      | 2929 ||| Stepping ~*~*~tactically~*~*~ (hiding).
  3055 | D:4      | Reached skill level 6 in Axes
  3077 | D:4      | Noticed Ijyb
  3082 | D:4      | HP: 5/43 [Ijyb/bolt of dispelling energy (6)]
  3088 | D:4      | Killed Ijyb
  3357 | D:4      | 3357 ||| Stepping ~*~*~tactically~*~*~ (hiding).
  3524 | D:4      | Found a glowing silver altar of Zin.
  3668 | D:4      | Found an ornate altar of the Wu Jian Council.
  3785 | D:4      | 3785 ||| UPGRADING to +0 pair of boots.
  3790 | D:4      | 3790 ||| READING scroll labelled XEOGEROV QOCE.
  3791 | D:4      | 3791 ||| READING 2 scrolls of identify.
  3791 | D:4      | 3791 ||| IDENTIFYING lumpy red potion
  3815 | D:5      | Entered Level 5 of the Dungeon
  3868 | D:5      | 3868 ||| Stepping ~*~*~tactically~*~*~ (hiding).
  3998 | D:5      | Reached skill level 7 in Axes
  4056 | D:5      | 4056 ||| Stepping ~*~*~tactically~*~*~ (hiding).
  4123 | D:5      | 4123 ||| Stepping ~*~*~tactically~*~*~ (hiding).
  4148 | D:5      | 4148 ||| Stepping ~*~*~tactically~*~*~ (stealth).
  4190 | D:5      | Reached XP level 8. HP: 46/48 MP: 8/8
  4394 | D:5      | Reached skill level 1 in Throwing
  4396 | D:5      | 4396 ||| Stepping ~*~*~tactically~*~*~ (hiding).
  4412 | D:5      | HP: 11/49 [gnoll/+0 spear (7)]
  4418 | D:5      | HP: 8/49 [gnoll/+0 spear (4)]
  4573 | D:5      | Found a blossoming altar of Fedhas.
  4645 | D:5      | Found an iron altar of Okawaru.
  4646 | D:5      | 4646 ||| PLANNING OKAWARU WORSHIP
  4646 | D:5      | 4646 ||| READING scroll labelled ABRUMPEPRIH.
  4651 | D:5      | Became a worshipper of Warmaster Okawaru
  4652 | D:5      | 4652 ||| PLANNING D:1-11
  4811 | D:5      | 4811 ||| Stepping ~*~*~tactically~*~*~ (hiding).
  5049 | D:5      | Found a stormy altar of Qazlal.
  5089 | D:5      | 5089 ||| UPGRADING to +0 chain mail.
  5099 | D:5      | 5099 ||| DROPPING +0 scale mail.
  5100 | D:5      | 5100 ||| DRINKING 2 murky inky potions.
  5101 | D:5      | 5101 ||| DRINKING potion of curing.
  5101 | D:5      | 5101 ||| (to cure confusion)
  5102 | D:5      | 5102 ||| DROPPING potion of ambrosia.
  5113 | D:6      | Found Lepa's Armour Boutique.
  5114 | D:6      | 5114 ||| STAIRDANCE
  5121 | D:5      | Reached skill level 8 in Axes
  5123 | D:6      | 5123 ||| STAIRDANCE
  5223 | D:6      | 5223 ||| STAIRDANCE
  5227 | D:6      | 5227 ||| STAIRDANCE
  5231 | D:6      | 5231 ||| STAIRDANCE
  5235 | D:6      | 5235 ||| STAIRDANCE
  5239 | D:6      | 5239 ||| STAIRDANCE
  5243 | D:6      | 5243 ||| STAIRDANCE
  5247 | D:6      | 5247 ||| STAIRDANCE
  5251 | D:6      | 5251 ||| STAIRDANCE
  5255 | D:6      | 5255 ||| STAIRDANCE
  5259 | D:6      | 5259 ||| STAIRDANCE
  5263 | D:6      | 5263 ||| STAIRDANCE
  5267 | D:6      | 5267 ||| STAIRDANCE
  5271 | D:6      | 5271 ||| STAIRDANCE
  5275 | D:6      | 5275 ||| STAIRDANCE
  5279 | D:6      | 5279 ||| STAIRDANCE
  5283 | D:6      | 5283 ||| STAIRDANCE
  5287 | D:6      | 5287 ||| STAIRDANCE
  5291 | D:6      | 5291 ||| STAIRDANCE
  5299 | D:6      | 5299 ||| FLEEEEING.
  5326 | D:5      | 5326 ||| DROPPING +0 morningstar.
  5338 | D:6      | 5338 ||| SHOPLISTING +0 helmet of the Stars {Rampage rC+}
                  | (185 gold, have 181).
  5338 | D:6      | 5338 ||| SHOPLISTING +3 scale mail of fire resistance (260
                  | gold, have 181).
  5460 | D:6      | Found a glowing golden altar of the Shining One.
  5470 | D:6      | 5470 ||| Stepping ~*~*~tactically~*~*~ (hiding).
  5484 | D:6      | Reached skill level 6 in Fighting
  5532 | D:6      | Reached * piety under Okawaru
  5533 | D:6      | Reached XP level 9. HP: 26/56 MP: 9/9
  5653 | D:6      | Found an ancient bone altar of Kikubaaqudgha.
  5663 | D:6      | 5663 ||| INVOKING Heroism.
  5738 | D:6      | 5738 ||| Stepping ~*~*~tactically~*~*~ (stealth).
  5749 | D:6      | Reached skill level 9 in Axes
  5821 | D:6      | Reached skill level 1 in Invocations
  5962 | D:6      | 5962 ||| READING 2 scrolls of identify.
  5962 | D:6      | 5962 ||| IDENTIFYING smoky yellow potion
  5970 | D:5      | Noticed a rust devil
  5970 | D:5      | Noticed a rust devil
  5971 | D:5      | 5971 ||| INVOKING Heroism.
  5983 | D:5      | 5983 ||| DRINKING potion of cancellation.
  5990 | D:5      | Killed a rust devil
  5991 | D:5      | Reached skill level 3 in Invocations
  5993 | D:5      | 5993 ||| INVOKING Heroism.
  5997 | D:5      | Killed a rust devil
  6060 | D:5      | 6060 ||| DROPPING +3 morningstar of distortion.
  6071 | D:5      | 6071 ||| UPGRADING to +0 plate armour.
  6081 | D:5      | 6081 ||| DROPPING +1 chain mail of willpower.
  6082 | D:5      | 6082 ||| DROPPING +0 chain mail.
  6166 | D:6      | 6166 ||| Stepping ~*~*~tactically~*~*~ (hiding).
  6176 | D:6      | Reached ** piety under Okawaru
  6190 | D:6      | 6190 ||| INVOKING Heroism.
  6316 | D:7      | 6316 ||| Stepping ~*~*~tactically~*~*~ (hiding).
  6319 | D:7      | 6319 ||| Stepping ~*~*~tactically~*~*~ (hiding).
  6332 | D:7      | 6332 ||| Stepping ~*~*~tactically~*~*~ (stealth).
  6335 | D:7      | 6335 ||| Stepping ~*~*~tactically~*~*~ (stealth).
  6347 | D:7      | 6347 ||| Stepping ~*~*~tactically~*~*~ (stealth).
  6350 | D:7      | 6350 ||| Stepping ~*~*~tactically~*~*~ (stealth).
  6358 | D:7      | 6358 ||| INVOKING Heroism.
  6370 | D:7      | HP: 14/57 [slime creature (12)]
  6373 | D:7      | Annihilated by a titanic slime creature

Levels and vault maps discovered:
D:1:      dpeg_arrival_water_fire, layout_basic
D:2:      layout_basic, interstate_on_off
D:3:      layout_rooms, grunt_gozag_breadcrumbs, nicolae_overflow_two_pavilions,
          serial_shops, nicolae_shop_getting_attention
D:4:      layout_basic, mainiacjoe_overflow_paths, mainiacjoe_overflow_alcove_2,
          uniq_ijyb
D:5:      cheibrodos_iron_armory, layout_basic,
          mainiacjoe_overflow_small_starburst, okawaru_trees_1,
          lemuel_doored_altar, abandoned_shop
D:6:      layout_rooms, mainiacjoe_overflow_24_doors,
          lemuel_zombie_altar_kikubaaqudgha, serial_shops, shop
D:7:      layout_rooms, lemuel_round_altar, nicolae_ru_the_path_less_chosen,
          minmay_temple_entry_proselytizer

Skill      XL: |  1  2  3  4  5  6  7  8  9 |
---------------+----------------------------+-----
Axes           | 2 3 5 7 8 9 |  9.0
Fighting       | 4 6 7 |  7.1
Dodging        | 2 |  2.0
Throwing       | 1 |  1.3
Armour         | 4 5 |  5.8
Invocations    | 4 |  4.7
Shields        | 4 |  4.1

Action                     |  1- 3 |  4- 6 |  7- 9 || total
---------------------------+-------+-------+-------++-------
  Melee: War axe           |   107 |   115 |   297 ||   519
  Throw: Boomerang         |       |    14 |    64 ||    78
 Invoke: Heroism           |       |       |     5 ||     5
    Use: Scroll            |     5 |     7 |     4 ||    16
         Potion            |       |       |     3 ||     3
   Stab: Distracted        |       |       |     1 ||     1
 Armour: Scale mail        |    55 |    54 |    75 ||   184
         Chain mail        |       |       |    57 ||    57
         Plate armour      |       |       |    15 ||    15
  Dodge: Dodged            |    53 |    36 |   118 ||   207
  Block: Buckler           |    16 |    23 |    54 ||    93

Table legend:
 A = Non-vault XP
 B = Vault XP
 C = Vault XP percentage of total XP
 D = Non-vault monster count
 E = Vault monster count
 F = Vault count percentage of total count
                 A         B        C        D         E       F
            +---------+---------+-------+---------+---------+-------
      Total |    3212 |    1238 |  27.8 |     135 |       6 |   4.3
            +---------+---------+-------+---------+---------+-------
        D:1 |      44 |       0 |   0.0 |      26 |       0 |   0.0
        D:2 |      63 |       0 |   0.0 |      21 |       0 |   0.0
        D:3 |     218 |       0 |   0.0 |      15 |       0 |   0.0
        D:4 |     563 |      36 |   6.0 |      18 |       1 |   5.3
        D:5 |     895 |    1201 |  57.3 |      27 |       4 |  12.9
        D:6 |    1382 |       1 |   0.1 |      23 |       1 |   4.2
        D:7 |      47 |       0 |   0.0 |       5 |       0 |   0.0
            +---------+---------+-------+---------+---------+-------
